Map: 2000 Atmospheres LE

Players

A.I. 1 (Elite)

  • Race: Zerg Zerg

Massa

  • Race: Terran Terran
  • League: Platinum

VOD

Have the link to the VOD?

Description

Time

  • Played on: April 29, 2021, 2:28 p.m.
  • Length: 19:25
Show
View Real Time Build Order
Export as new Build Order

A.I. 1 (Elite) Zerg 

Build Orders: Hatch First, Zergling Baneling 

Get SALT Encoding   

    0:13  Overlord  
    0:19  Drone x12  
    0:31  Unknown  
    0:33  Drone  
  13  0:40  Drone  
  14  0:48  Overlord  
  14  1:07  Drone x3  
  18  1:18  Drone  
  18  1:32  Hatchery  
  17  1:43  Spawning Pool  
  17  1:44  Extractor  
  15  2:29  Queen  
  15  2:30  Zergling x6  
  15  2:37  Baneling Nest  
  19  2:41  Drone  
  19  2:44  Zergling x2  
  21  2:52  Zergling x2  
  21  2:54  Overlord  
  22  3:02  Zergling x2  
  22  3:05  Zergling x2  
  24  3:13  Zergling x2  
  24  3:16  Zergling x2  
  26  3:20  Baneling x2  
  26  3:21  Baneling  
  26  3:23  Baneling x2  
  26  3:24  Zergling x2  
  26  3:26  Zergling x2  
  28  3:32  Baneling  
  28  3:34  Zergling x2  
  28  3:35  Baneling  
  28  3:41  Zergling x2  
  30  3:43  Baneling  
  30  3:53  Overlord  
  30  3:58  Zergling x2  
  31  4:04  Zergling x2  
  31  4:09  Zergling x2  
  33  4:15  Zergling x2  
  34  4:21  Extractor  
  33  4:24  Drone  
  34  4:31  Drone  
  34  4:37  Drone  
  26  5:19  Hatchery  
  24  5:59  Hatchery  
  23  6:12  Roach Warren  
  23  6:40  Drone  
  23  6:46  Drone  
  24  6:53  Drone  
  25  6:54  Roach  
  27  7:03  Roach  
  29  7:12  Roach  
  31  7:21  Roach  
  33  7:26  Drone  
  34  7:32  Drone  
  35  7:38  Drone  
  35  7:43  Drone  
  37  7:48  Drone  
  38  7:53  Drone  
  39  7:59  Drone  
  39  8:03  Drone  
  41  8:20  Roach  
  41  8:25  Roach  
  45  8:29  Roach  
  47  8:36  Overlord  
  47  8:41  Roach  
  49  8:42  Baneling  
  49  8:44  Baneling  
  49  8:45  Baneling  
  49  8:57  Evolution Chamber  
  48  9:03  Drone  
  48  9:04  Ravager  
  48  9:09  Roach  
  52  9:11  Ravager  
  52  9:16  Roach  
  54  9:22  Overlord  
  54  9:23  Zerg Ground Armor Level 1  
  54  9:25  Zergling x2  
  54  9:29  Zergling x2  
  56  9:34  Metabolic Boost  
  56  9:37  Baneling  
  56  9:40  Zergling x2  
  56  9:43  Zergling x2  
  50  9:48  Roach  
  40  9:52  Roach  
  21  10:36  Zergling x2  
  21  10:50  Zergling x2, Roach  
  21  10:53  Roach  
  23  11:08  Hatchery  
  15  11:36  Queen  
  13  11:48  Drone  
Show
View Real Time Build Order
Export as new Build Order

Massa Terran 

Build Orders:  

Get SALT Encoding   

  12  0:06  Orbital Command  
    0:19  SCV x12  
    0:33  SCV  
  13  0:45  SCV  
  13  0:49  Supply Depot  
  14  0:58  SCV  
  14  1:01  Refinery  
  15  1:10  SCV  
  16  1:17  Barracks  
  16  1:22  SCV  
  17  1:34  SCV  
  18  1:46  SCV  
  19  1:59  SCV  
  20  2:04  Reaper  
  21  2:11  Orbital Command  
  21  2:18  Command Center  
  21  2:28  Factory  
  21  2:39  SCV  
  22  2:46  Barracks Reactor  
  23  2:51  SCV  
  23  2:55  Supply Depot  
  23  2:58  Refinery  
  23  3:11  Factory Tech Lab  
  23  3:17  SCV  
  24  3:22  Marine x2  
  26  3:29  SCV, Orbital Command  
  26  3:30  Cyclone  
  30  3:40  Marine x2  
  32  3:44  SCV  
  32  3:48  Starport  
  33  3:56  SCV  
  33  3:57  SCV  
  35  4:08  SCV  
  35  4:09  SCV  
  37  4:10  Siege Tank  
  40  4:20  Supply Depot  
  40  4:23  SCV x2  
  42  4:25  Refinery  
  42  4:27  Marine x2  
  42  4:29  Starport Tech Lab  
  44  4:35  SCV x2  
  46  4:45  Command Center  
  42  4:48  SCV  
  42  5:00  Orbital Command  
  41  5:26  SCV x2  
  43  5:30  Raven  
  43  5:32  Marine  
  46  5:36  Supply Depot  
  46  5:38  Supply Depot  
  46  5:51  Supply Depot  
  46  5:56  SCV x2, Marine x2, Siege Tank  
  53  5:59  SCV  
  54  6:09  SCV x2  
  56  6:14  Raven, Marine x2  
  60  6:20  Refinery  
  60  6:27  Barracks  
  60  6:29  Siege Tank  
  60  6:30  Barracks  
  60  6:32  Marine x2  
  65  6:45  SCV x3  
  68  6:56  Marine x2  
  68  6:57  SCV x3  
  68  7:01  Siege Tank  
  76  7:08  Engineering Bay  
  76  7:09  SCV x2, Engineering Bay  
  78  7:23  Barracks Tech Lab  
  78  7:24  Starport Reactor  
  78  7:29  Refinery  
  78  7:34  Marauder, Marine x2  
  78  7:36  Stimpack  
  82  7:45  Siege Tank  
  82  7:46  Orbital Command  
  85  8:00  Terran Infantry Armor Level 1, Terran Infantry Weapons Level 1  
  85  8:01  Supply Depot x4  
  85  8:02  Supply Depot  
  85  8:03  Supply Depot  
  85  8:22  SCV x3, Marauder, Marine x2, Medivac x2  
  85  8:26  Combat Shield  
  96  8:34  SCV x3  
  99  8:43  Refinery  
  99  8:46  SCV  
  100  8:48  Refinery  
  100  8:53  Marauder x2, Marine x2  
  100  8:54  Siege Tank  
  109  9:11  Marine  
  109  9:14  SCV x3, Marauder x2  
  117  9:19  Marine  
  118  9:26  SCV x3  
  118  9:29  Marine  
  122  9:36  Marauder x2  
  122  9:37  Marine  
  128  9:38  SCV  
  117  9:57  Marauder  
  116  10:06  Medivac x2  
  120  10:07  Siege Tank  
  120  10:08  Marauder, Marine x2  
  127  10:18  Marauder  
  129  10:29  Marauder  
  131  10:40  Marauder  
  133  11:08  Supply Depot  
  133  11:10  Supply Depot  
  133  11:11  Supply Depot  
  133  11:12  Supply Depot x2  
  133  11:13  Supply Depot  
  133  11:16  Supply Depot  
  133  11:30  SCV x3, Siege Tank  
  139  11:34  Supply Depot  
  139  11:42  SCV, Supply Depot  
  140  12:27  SCV x3  
  143  12:37  Command Center  
  143  12:39  SCV x3, Command Center  
  143  12:40  Siege Tank  
  143  12:42  Command Center  
  149  12:44  Command Center  
  149  12:51  SCV x3  
  152  13:03  SCV  
  152  13:04  SCV  
  154  13:12  Siege Tank  
  157  13:50  Siege Tank  
  157  13:52  Marauder x2, Marine x2  
  166  14:00  Armory  
  166  14:01  Ghost Academy  
  166  14:10  Marine x2  
  166  14:13  Marauder x2  
  172  14:22  Siege Tank  
  175  14:34  Marauder  
  175  14:35  Marauder  
  179  14:56  Marauder x2  
  183  15:11  Planetary Fortress  
  183  15:12  Planetary Fortress  
  183  15:14  Planetary Fortress  
  183  15:15  Planetary Fortress  
  183  15:20  Terran Infantry Armor Level 2, Terran Infantry Weapons Level 2, Concussive Shells  
  183  15:22  Terran Vehicle And Ship Armor Level 1  
  183  15:23  Personal Cloaking  
  183  15:37  Viking x2  
  187  15:50  Refinery  
  187  15:53  Refinery  
  187  16:07  Viking x2  
  191  16:38  Refinery  
  191  16:40  Refinery  
  191  16:48  Enhanced Shockwaves  
  191  16:58  Unknown  
  191  17:18  Sensor Tower  
  191  17:39  Sensor Tower  
  191  17:53  Sensor Tower  
  191  17:56  Sensor Tower x2  
  191  18:07  Sensor Tower  
  191  18:10  Sensor Tower  
  191  18:11  Sensor Tower  
  191  18:12  Sensor Tower  
  191  18:20  Sensor Tower  
  191  18:26  Sensor Tower  
  191  18:28  Sensor Tower  
  191  18:30  Sensor Tower  
  191  18:33  Sensor Tower x3  
  191  18:57  Sensor Tower  
  191  19:00  Unknown  
  191  19:07  Sensor Tower  
Tags
 
Add a new tag
Caveats
  • Supply blocks, unpowered buildings, or Contaminate may cause inaccurate times.
  • Supply counts are checked every 10 seconds.